 Dungeon Crawl Stone Soup version 0.26-a0-658-gbdda728c12 (webtiles) character file.

Game seed: 8844721491983983864

479 miket3c the Chopper (level 6, 0/56 HPs)
             Began as a Minotaur Berserker on Oct 4, 2020.
             Was a Believer of Trog.
             Slain by Duvessa
             ... wielding a +0 rapier
              (2 damage)
             ... on level 4 of the Dungeon.
             The game lasted 00:07:34 (3280 turns).

miket3c the Chopper (Minotaur Berserker)            Turns: 3280, Time: 00:07:34

Health: 0/56       AC: 10    Str: 23    XL:     6   Next: 86%
Magic:  5/5        EV:  9    Int:  4    God:    Trog [**....]
Gold:   66         SH:  0    Dex: 10    Spells: 5/5 levels left

rFire    . . .     SeeInvis .   a - +0 hand axe
rCold    . . .     Faith    .   (no shield)
rNeg     . . .     Spirit   .   t - +0 chain mail
rPois    .         Reflect  .   (helmet restricted)
rElec    .         Harm     .   (no cloak)
rCorr    .         Rampage  .   (no gloves)
MR       .....                  u - +0 pair of boots
Stlth    ..........             (no amulet)
HPRegen  0.18/turn              (no ring)
MPRegen  0.09/turn              (no ring)

@: no status effects
A: retaliatory headbutt, horns 2
a: Berserk, Trog's Hand, Renounce Religion


You were on level 4 of the Dungeon.
You worshipped Trog.
Trog was pleased with you.
You visited 1 branch of the dungeon, and saw 4 of its levels.

You collected 66 gold pieces.

Inventory:

Hand Weapons
 a - a +0 hand axe (weapon)
Missiles
 d - 5 boomerangs (quivered)
 f - a throwing net
 i - 22 stones
Armour
 b - a +0 animal skin
 h - a +0 leather armour
 s - a +0 ring mail
 t - a +0 chain mail (worn)
 u - a +0 pair of boots (worn)
Wands
 v - a wand of disintegration (11)
Scrolls
 c - 2 scrolls of amnesia {unknown}
 e - 2 scrolls of teleportation {unknown}
 g - a scroll of remove curse {unknown}
 j - 4 scrolls of identify {unknown}
 k - a scroll of immolation {unknown}
 m - a scroll of blinking {unknown}
 o - a scroll of enchant weapon {unknown}
 p - a scroll of enchant armour {unknown}
Potions
 l - 2 potions of curing {unknown}
 n - a potion of heal wounds {unknown}
 q - a potion of brilliance {unknown}
 r - a potion of stabbing {unknown}


   Skills:
 + Level 5.1 Fighting
 * Level 7.7 Axes
 + Level 3.9 Armour
 - Level 3.0 Dodging
 - Level 0.1 Stealth


You had 5 spell levels left.
You didn't know any spells.
Your spell library was empty.

Dungeon Overview and Level Annotations

Branches:
Dungeon (4/15)
 Temple: D:4-7

Altars:
Cheibriados
Xom

Annotations:
D:4 Duvessa


Innate Abilities, Weirdness & Mutations

You reflexively headbutt those who attack you in melee.
You have a pair of horns on your head.


Message History

You hit Duvessa but do no damage. Your headbutt misses Duvessa.
Duvessa is moderately wounded.
Duvessa hits you with a +0 rapier!
You hit Duvessa but do no damage.
Duvessa is moderately wounded.
Duvessa barely misses you.
You closely miss Duvessa. Your headbutt misses Duvessa.
Duvessa is moderately wounded.
Duvessa hits you with a +0 rapier!
* * * LOW HITPOINT WARNING * * *
Duvessa hits you with a +0 rapier.
* * * LOW HITPOINT WARNING * * *
You closely miss Duvessa. Your headbutt misses Duvessa.
Duvessa is moderately wounded.
Duvessa hits you with a +0 rapier!
* * * LOW HITPOINT WARNING * * *
You slash Duvessa!
Duvessa is heavily wounded.
Duvessa hits you with a +0 rapier.
You die...

#...........#.......
##... #.....)........
#....###......#....#.
#..#..........#..##
##.#...........#...#
#..#!..........##... #
#..............###.#
....#..................#
#...@...#...##......#
...[..e#####....#......#
....... #...##....###
####..# .........# #..
...##..# ##. #


You could see Duvessa (berserk).

Vanquished Creatures
  Eustachio (D:4)
  Dowan (D:4)
  2 orc priests
  2 orc wizards
  Ijyb (D:4)
  A worker ant (D:4)
  4 adders
  An ooze (D:3)
  3 worms
  2 leopard geckos
  12 orcs
  2 bats (D:1)
  2 giant cockroaches (D:2)
  13 goblins
  5 hobgoblins
  2 quokkas
  3 frilled lizards
  5 kobolds
  4 rats
66 creatures vanquished.

Vanquished Creatures (others)
  7 plants (D:2)
7 creatures vanquished.

Grand Total: 73 creatures vanquished

Notes
Turn   | Place    | Note
-------+----------+-------------------------------------------
     0 | D:1      | miket3c the Minotaur Berserker began the quest for the Orb.
     0 | D:1      | Reached XP level 1. HP: 19/19 MP: 0/0
   185 | D:1      | Reached skill level 4 in Axes
   186 | D:1      | Reached XP level 2. HP: 27/27 MP: 1/1
   897 | D:2      | Reached XP level 3. HP: 11/33 MP: 2/2
  1368 | D:2      | Found a snail-covered altar of Cheibriados.
  1445 | D:2      | Reached XP level 4. HP: 13/40 MP: 3/3
  1447 | D:2      | Reached skill level 5 in Axes
  1845 | D:2      | Found a faded altar of an unknown god.
  1873 | D:2      | Found a shimmering altar of Xom.
  2302 | D:3      | Reached XP level 5. HP: 45/47 MP: 4/4
  2437 | D:3      | Reached ** piety under Trog
  2456 | D:3      | Reached skill level 6 in Axes
  3067 | D:4      | Noticed Eustachio
  3075 | D:4      | Noticed Ijyb
  3084 | D:4      | Killed Ijyb
  3084 | D:4      | Reached XP level 6. HP: 55/55 MP: 5/5
  3097 | D:4      | Killed Eustachio
  3097 | D:4      | Reached skill level 5 in Fighting
  3097 | D:4      | Reached skill level 7 in Axes
  3217 | D:4      | Noticed Dowan
  3241 | D:4      | Killed Dowan
  3267 | D:4      | Noticed Duvessa
  3279 | D:4      | HP: 2/56 [Duvessa/+0 rapier (7)]
  3280 | D:4      | Slain by Duvessa

Illustrated notes

Levels and vault maps discovered:
D:1:      arrival_zaba_pyramid, layout_basic, st_stairs_1,
          minmay_stone_trees_small
D:2:      layout_rooms, lemuel_coloured_pillars_altar,
          nicolae_overflow_crystal_walls,
          chequers_ecumenical_altar_simple_redux, serial_bayou,
          serial_bayou_crossing, serial_bayou_shore_b, serial_bayou_lake_a,
          serial_bayou_pond_e
D:3:      layout_basic
D:4:      layout_cave_pools, uniq_duvessa, uniq_crazy_yiuf_cottage, uniq_ijyb,
          uniq_eustachio

Skill      XL: |  1  2  3  4  5  6 |
---------------+-------------------+-----
Axes           | 4 5 6 7 |  7.7
Fighting       | 4 5 |  5.1
Armour         | 3 |  3.9
Dodging        | 3 |  3.0
Stealth        | |  0.1

Action                   |  1- 3 |  4- 6 || total
-------------------------+-------+-------++-------
Melee: Hand axe          |    48 |   128 ||   176
       Headbutt          |     1 |    15 ||    16
Throw: Boomerang         |       |     4 ||     4
Invok: Berserk           |       |     3 ||     3
Armor: Leather armour    |     6 |     9 ||    15
       Animal skin       |     2 |       ||     2
       Chain mail        |       |    14 ||    14
Dodge: Dodged            |    34 |    77 ||   111

Table legend: (Time is in decaauts)
 A = Elapsed time spent in this place.
 B = Non-inter-level travel time spent in this place.
 C = Inter-level travel time spent in this place.
 D = Time resting spent in this place.
 E = Time spent auto-exploring this place.
 F = Levels seen in this place.
 G = Mean time per level.
                   A        B        C        D        E       F      G
               +--------+--------+--------+--------+--------+-----+--------+
         Total |   3388 |   3217 |    171 |   1006 |   1743 |   4 |  847.0 |
       Dungeon |   3388 |   3217 |    171 |   1006 |   1743 |   4 |  847.0 |
               +--------+--------+--------+--------+--------+-----+--------+

Top non-repeatable levels by time:
     D:2: 1243 daAuts
     D:1: 1129 daAuts
     D:3: 741 daAuts
     D:4: 274 daAuts
